 Dungeon Crawl Stone Soup version 0.29.1-14-g9c671dbff4 (webtiles) character file.

Game seed: 4511093253993556503

86265 Gabide the Brawler (level 15, -2/127 HPs)
             Began as a Mummy Berserker on Feb 12, 2023.
             Was a High Priest of Trog.
             Constricted to death by Jorgrun (13 damage)
             ... on level 1 of the Swamp on Feb 13, 2023.
             The game lasted 00:53:26 (25018 turns).

Gabide the Brawler (Mummy Berserker)               Turns: 25018, Time: 00:53:26

Health: -2/127     AC: 14    Str: 28    XL:     15   Next: 40%
Magic:  15/15      EV: 13    Int:  6    God:    Trog [*****.]
Gold:   3385       SH:  0    Dex: 12    Spells: 14/14 levels left

rFire   . . .      SeeInvis .     - Unarmed
rCold   + . .      Faith    .   (no shield)
rNeg    + + +      Spirit   .   i - +3 troll leather armour {Snorg}
rPois   ∞          Reflect  .   A - +2 helmet
rElec   .          Harm     .   (no cloak)
rCorr   .          Rampage  .   n - +0 pair of gloves
Will    +++..                   B - +2 pair of boots
Stlth   +.........              w - amulet of regeneration
HPRegen 2.91/turn               l - ring of protection from fire
MPRegen 0.14/turn               b - +4 ring of slaying

@: grasped by roots, strong-willed, regenerating, constricted, very slow
A: cold resistance 1, negative energy resistance 3, torment resistance 2, heat
vulnerability 1, in touch with death 2, no potions
a: Renounce Religion, Trog's Hand, Brothers in Arms


You were on level 1 of the Swamp.
You worshipped Trog.
Trog was extremely pleased with you.
You visited 4 branches of the dungeon, and saw 24 of its levels.
You also visited: Gauntlet.

You collected 3649 gold pieces.
You spent 264 gold pieces at shops.

Inventory:

Missiles
 s - 9 boomerangs (quivered)
 u - 11 javelins
 L - 3 curare-tipped darts
Armour
 a - a +2 chain mail of fire resistance
 i - a +3 troll leather armour (worn) {Snorg}
 m - the +2 leather armour of the Harp {Will+ Str+3 Dex-3 SInv}
   (You found it on level 5 of the Dungeon)

   Str:       It affects your strength (+3).
   Dex:       It affects your dexterity (-3).
   SInv:      It lets you see invisible.
   Will:      It increases your willpower.
 n - a +0 pair of gloves (worn)
 y - +0 fire dragon scales
 A - a +2 helmet (worn)
 B - a +2 pair of boots (worn)
 E - the +0 pair of gloves "Yshoaps" {rF+ Will+ Int-4}
   (You found it in a Gauntlet)

   Int:       It affects your intelligence (-4).
   rF:        It protects you from fire.
   Will:      It increases your willpower.
 M - the +5 ring mail of Sorcery {rElec rC- Str+3}
   (You found it on level 14 of the Dungeon)

   Str:       It affects your strength (+3).
   rC:        It makes you vulnerable to cold.
   rElec:     It insulates you from electricity.
Jewellery
 b - a +4 ring of slaying (right hand)
 e - a ring of see invisible
 g - a ring of protection from fire
 h - a +4 ring of evasion
 l - a ring of protection from fire (left hand)
 p - a ring of willpower
 t - a ring of ice
 w - an amulet of regeneration (around neck)
 z - a +6 ring of strength
Wands
 o - a wand of acid (13)
 q - a wand of flame (28)
 v - a wand of mindburst (16)
 D - a wand of charming (9)
 G - a wand of polymorph (9)
 J - a wand of iceblast (16)
Scrolls
 d - 3 scrolls of teleportation
 f - 4 scrolls of fog
 j - 3 scrolls of immolation
 r - 4 scrolls of magic mapping
 x - a scroll of brand weapon
 C - 2 scrolls of vulnerability
 H - a scroll of torment
 I - a scroll of silence
 K - a scroll of blinking
Miscellaneous
 F - a condenser vane


   Skills:
 + Level 14.4 Fighting
 - Level 1.5 Armour
 + Level 12.1 Dodging
 * Level 16.7 Unarmed Combat


You had 14 spell levels left.
You didn't know any spells.
Your spell library was empty.

Dungeon Overview and Level Annotations

Branches:
Dungeon (15/15)            Temple (0/1) D:4            Lair (5/5) D:9
  Swamp (2/4) Lair:3        Snake (0/4) Lair:2        Slime (0/5) Lair:4
    Orc (2/2) D:9             Elf (0/3) Orc:2        Vaults (0/5) D:13
 Depths (0/4) D:15        Gauntlet (visited)

Altars:
Ashenzari
Gozag
Makhleb
Qazlal
Sif Muna
Trog
Vehumet
Wu Jian
Xom

Shops:
D:5 (   D:6 :   D:15 !   Orc:1 [   Orc:2 (=[(

Annotations:
D:10 2 runed translucent doors, exclusion: orange crystal statue
D:11 2 transporters, NerdRage255's ghost, novice MiBe
Lair:1 3 runed translucent doors, Koiwegoc's ghost, journeyman GnTm
Swamp:1 1 runed translucent door, Jorgrun


Innate Abilities, Weirdness & Mutations

You are immune to poison.
Your flesh is cold resistant. (rC+)
You are immune to negative energy. (rN+++)
You are immune to unholy pain and torment.
You are vulnerable to heat. (rF-)
You are strongly in touch with the powers of death.
You do not drink.


Message History

You punch Jorgrun!
Jorgrun is severely wounded.
Jorgrun hits you but does no damage.
You closely miss Jorgrun.
Jorgrun is severely wounded.
You barely miss Jorgrun.
Jorgrun is severely wounded.
Jorgrun casts a spell at you. The iron shot hits you!!!
You pummel Jorgrun!! Your punch misses Jorgrun.
Jorgrun is severely wounded.
You barely miss Jorgrun.
Jorgrun is severely wounded.
Jorgrun is no longer moving slowly.
Jorgrun hits you with a +0 vorpal quarterstaff!
You miss Jorgrun. Your punch misses Jorgrun.
Jorgrun is severely wounded.
You hit Jorgrun but do no damage.
Jorgrun is severely wounded.
Jorgrun gestures at you while chanting. The iron shot hits you!!
Your deep troll goes berserk!
Jorgrun casts a spell at you. You resist with almost no effort.
You enter the shallow water.
Moving in this stuff is going to be slow.
Jorgrun casts a spell at you. The iron shot hits you!!!
* * * LOW HITPOINT WARNING * * *
You swap places.
Jorgrun casts a spell at you.
Roots burst forth from the earth!
The grasping roots grab you! The grasping roots constrict you.
Your deep troll bites Jorgrun but does no damage.
Your deep troll barely misses Jorgrun.
Your deep troll claws Jorgrun but does no damage.
Jorgrun hits your deep troll with a +0 vorpal quarterstaff.
The grasping roots constrict you!
You die...

§....~
....~ ...♣
♣..♣ ♣♣..♣
♣ ♣.~.♣♣♣
...
♣~..>♣.....
♣.@~Tg.!♣
♣..♣.♣♣♣♣
♣♣♣♣♣♣


You could see Jorgrun (poisoned, ally target) and a friendly deep troll
(summoned, berserk).

Vanquished Creatures
  Gastronok (D:11)
  A dire elephant (D:15)
  Azrael (Orc:2)
  2 fire dragons
  Snorg (Lair:3)
  14 hydras
  5 boulder beetles
  2 centaur warriors
  A ghost crab (Swamp:1)
  2 alligators (Swamp:1)
  3 ogre magi
  12 two-headed ogres
  9 death yaks
  A tengu warrior (D:15)
  3 orc high priests (Orc:2)
  2 goliath frogs (Swamp:2)
  2 sixfirhies (Gauntlet)
  2 death drakes
  A lindwurm (Lair:5)
  5 orc knights
  3 deep elf pyromancers
  2 cyclopes
  A deep elf zephyrmancer (Orc:1)
  3 orc sorcerers
  3 manticores
  A salamander (D:15)
  A centaur zombie (Gauntlet)
  3 elephants (Lair:4)
  4 black mambas
  6 torpor snails
  A gargoyle (D:12)
  A kobold demonologist (D:12)
  7 cane toads
  3 rime drakes (Lair:5)
  10 komodo dragons
  An unseen horror (D:12)
  A yaktaur (D:15)
  A redback zombie (Gauntlet)
  6 meliai
  A queen bee (shapeshifter) (D:14)
  3 trolls
  4 tyrant leeches (Lair:5)
  2 wolf spider simulacra
  14 slime creatures (D:14)
  A polar bear (Lair:4)
  A hornet (shapeshifter) (D:12)
  12 dream sheep
  8 hornets
  8 blink frogs
  A raiju (shapeshifter) (D:14)
  Grinder (D:3)
  2 wyverns
  28 yaks
  5 wraiths
  3 steam dragons
  2 fire elementals
  3 basilisks
  5 vampire mosquitoes (D:12)
  2 wargs (Orc:1)
  Menkaure (D:5)
  A swamp worm (Swamp:2)
  9 water moccasins
  6 hell hounds
  A swamp drake (Orc:1)
  A sky beast (D:8)
  21 orc warriors
  A black bear (D:4)
  9 ogres
  A boggart (D:13)
  6 centaurs
  13 wolves (Lair:1)
  A phantom (D:6)
  5 kobold brigands
  A gnoll sergeant (D:9)
  12 bullfrogs
  3 scorpions
  A necrophage (D:7)
  12 wights
  5 howler monkeys
  A crimson imp (Orc:1)
  2 jellies (Lair:4)
  9 orc priests
  A hound (D:5)
  An iron imp (Orc:1)
  A gnoll bouda (D:7)
  Ijyb (D:3)
  6 iguanas
  21 orc wizards
  14 gnolls
  10 adders
  3 shadow imps
  A white imp (Orc:1)
  3 worms
  62 orcs
  7 ball pythons
  9 endoplasms
  6 giant cockroaches
  8 goblins
  7 hobgoblins
  2 jackals (D:4)
  20 kobolds
  5 quokkas
  6 bats
  4 frilled lizards
  7 rats
561 creatures vanquished.

Vanquished Creatures (collateral kills)
  A minotaur (Gauntlet)
  A manticore (D:12)
  An acid dragon (D:11)
  A wight (D:9)
4 creatures vanquished.

Vanquished Creatures (others)
  A gargoyle (D:12)
  An orc wizard (Orc:2)
  2 orcs (Orc:1)
  25 fungi
  35 plants
64 creatures vanquished.

Grand Total: 629 creatures vanquished

Notes
Turn   | Place    | Note
-------+----------+-------------------------------------------
     0 | D:1      | Gabide the Mummy Berserker began the quest for the Orb.
     0 | D:1      | Reached XP level 1. HP: 18/18 MP: 1/1
    79 | D:1      | Reached XP level 2. HP: 12/24 MP: 2/2
   430 | D:1      | Found a faded altar of an unknown god.
   640 | D:1      | Reached skill level 3 in Unarmed Combat
   993 | D:1      | Gained mutation: You are in touch with the powers of death.
                  | [Mummy growth]
   993 | D:1      | Reached XP level 3. HP: 26/29 MP: 3/3
  1284 | D:2      | Reached ** piety under Trog
  1689 | D:2      | Reached XP level 4. HP: 27/35 MP: 4/4
  2395 | D:3      | Noticed Ijyb
  2575 | D:3      | Killed Ijyb
  2576 | D:3      | Reached XP level 5. HP: 26/42 MP: 5/5
  2726 | D:3      | Found a shimmering altar of Xom.
  2752 | D:3      | Noticed Grinder
  2755 | D:3      | Paralysed by Grinder for 2 turns
  2762 | D:3      | Paralysed by Grinder for 5 turns
  2795 | D:3      | Killed Grinder
  2796 | D:3      | Reached skill level 4 in Unarmed Combat
  2796 | D:3      | Reached XP level 6. HP: 10/49 MP: 6/6
  3302 | D:4      | Found a radiant altar of Vehumet.
  3644 | D:4      | Found a staircase to the Ecumenical Temple.
  3660 | D:4      | Reached skill level 5 in Unarmed Combat
  3660 | D:4      | Reached XP level 7. HP: 33/55 MP: 7/7
  4051 | D:4      | Found an opulent altar of Gozag.
  4146 | D:4      | Found an ornate altar of the Wu Jian Council.
  4380 | D:5      | Entered Level 5 of the Dungeon
  4435 | D:5      | Noticed Menkaure
  4447 | D:5      | Killed Menkaure
  4448 | D:5      | Reached skill level 5 in Fighting
  4628 | D:5      | Identified the +2 leather armour of the Harp {Will+ Str+3
                  | Dex-3 SInv}
  4798 | D:5      | Found Ucruf's Weapon Shoppe.
  5129 | D:6      | Reached skill level 6 in Unarmed Combat
  5129 | D:6      | Reached XP level 8. HP: 63/63 MP: 8/8
  5374 | D:6      | Found Ahaklang's Tremendous Tomes.
  5562 | D:6      | Identified a scroll of acquirement
  5563 | D:6      | Acquired 702 gold pieces
  5588 | D:7      | Reached *** piety under Trog
  5699 | D:7      | Found a shimmering blue altar of Sif Muna.
  5940 | D:7      | Reached skill level 7 in Unarmed Combat
  6601 | D:8      | Reached skill level 5 in Dodging
  6769 | D:8      | Reached XP level 9. HP: 55/71 MP: 9/9
  7502 | D:8      | Reached skill level 8 in Unarmed Combat
  7556 | D:8      | Found a broken altar of Ashenzari.
  8475 | D:9      | Found a staircase to the Orcish Mines.
  9200 | D:9      | Found a staircase to the Lair.
  9249 | D:9      | Reached skill level 9 in Unarmed Combat
  9249 | D:9      | Reached XP level 10. HP: 62/80 MP: 10/10
  9259 | D:9      | Reached **** piety under Trog
  9986 | D:10     | Entered Level 10 of the Dungeon
 10140 | D:10     | Found a burning altar of Makhleb.
 10825 | D:10     | Found a stormy altar of Qazlal.
 10840 | D:10     | Found a runed translucent door.
 10858 | D:10     | Found the +10 tower shield of Ignorance {rN+ Int-4}
 10880 | D:10     | Found a runed translucent door.
 10887 | D:10     | Noticed an orange crystal statue
 11173 | D:11     | Noticed a tengu warrior
 11176 | D:11     | Noticed a two-headed ogre
 11176 | D:11     | Noticed a moth of wrath
 11177 | D:11     | Noticed NerdRage255's ghost (novice MiBe)
 11184 | D:11     | Found a transporter.
 11218 | D:11     | Found a transporter.
 11225 | D:11     | Found a bloodstained altar of Trog.
 11419 | D:11     | Noticed a boulder beetle
 11435 | D:11     | Reached skill level 10 in Unarmed Combat
 11732 | D:11     | Noticed Gastronok
 11747 | D:11     | Killed Gastronok
 11748 | D:11     | Reached XP level 11. HP: 50/89 MP: 11/11
 12177 | D:12     | Noticed a seven-headed hydra
 12184 | D:12     | Killed a seven-headed hydra
 12278 | D:12     | Noticed a boulder beetle
 12289 | D:12     | Killed a boulder beetle
 12315 | D:12     | Noticed a deep elf pyromancer
 12326 | D:12     | Killed a deep elf pyromancer
 12327 | D:12     | Reached skill level 11 in Unarmed Combat
 12401 | D:12     | Noticed a two-headed ogre
 12408 | D:12     | Killed a two-headed ogre
 12478 | D:12     | Noticed a five-headed hydra
 12483 | D:12     | Killed a five-headed hydra
 12597 | D:12     | Noticed a two-headed ogre
 12607 | D:12     | Killed a two-headed ogre
 12608 | D:12     | Reached skill level 10 in Fighting
 12901 | D:13     | Noticed a deep elf pyromancer
 13000 | D:13     | Noticed a boulder beetle
 13026 | D:13     | Killed a boulder beetle
 13062 | D:13     | Noticed a two-headed ogre
 13253 | D:12     | Killed a two-headed ogre
 13399 | D:13     | Reached skill level 12 in Unarmed Combat
 13499 | D:13     | Reached XP level 12. HP: 16/98 MP: 12/12
 13501 | D:13     | HP: 1/98 [vampire mosquito (8)]
 13693 | D:13     | Noticed a two-headed ogre
 13794 | D:13     | Noticed a centaur warrior
 13805 | D:13     | Killed a centaur warrior
 13827 | D:13     | Noticed a five-headed hydra
 13849 | D:13     | Killed a two-headed ogre
 13894 | D:13     | HP: 4/99 [orc knight/+0 great sword (14)]
 14032 | D:13     | Noticed an ogre mage
 14037 | D:13     | Found a gate to the Vaults.
 14048 | D:13     | Killed an ogre mage
 14519 | Lair:1   | Entered Level 1 of the Lair of Beasts
 14633 | Lair:1   | Noticed a four-headed hydra
 14666 | Lair:1   | Killed a four-headed hydra
 14678 | Lair:1   | Reached skill level 13 in Unarmed Combat
 14933 | Lair:1   | Found a runed translucent gate.
 14934 | Lair:1   | Found a runed translucent gate.
 14936 | Lair:1   | Found a runed translucent gate.
 14947 | Lair:1   | Noticed Koiwegoc's ghost (journeyman GnTm)
 14947 | Lair:1   | Noticed a death yak
 14947 | Lair:1   | Noticed a minotaur
 15936 | Lair:2   | Found a staircase to the Snake Pit.
 16517 | Lair:3   | Found a staircase to the Swamp.
 16517 | Lair:3   | Noticed a five-headed hydra
 16527 | Lair:3   | Killed a five-headed hydra
 16530 | Lair:3   | Gained mutation: You are strongly in touch with the powers
                  | of death. [Mummy growth]
 16530 | Lair:3   | Reached XP level 13. HP: 62/106 MP: 13/13
 16596 | Lair:3   | Noticed Snorg
 16921 | Lair:3   | Killed Snorg
 17585 | Lair:4   | Reached skill level 10 in Dodging
 17649 | Lair:4   | Reached skill level 14 in Unarmed Combat
 17861 | Lair:4   | Found a staircase to the Slime Pits.
 18256 | Lair:5   | Entered Level 5 of the Lair of Beasts
 18474 | Lair:5   | Found a gate leading to a gauntlet.
 18478 | Gauntlet | Entered a Gauntlet
 18478 | Gauntlet | Found a transporter.
 18481 | Gauntlet | Found a transporter.
 18495 | Gauntlet | Found a runed translucent gate.
 18496 | Gauntlet | Found a runed translucent gate.
 18497 | Gauntlet | Found a transporter.
 18501 | Gauntlet | Found a transporter.
 18506 | Gauntlet | Noticed a reaper
 18519 | Gauntlet | Found a transporter.
 18529 | Gauntlet | Found a transporter.
 18545 | Gauntlet | Found a transporter.
 18563 | Gauntlet | Found a transporter.
 18567 | Gauntlet | Found a transporter.
 18575 | Gauntlet | Found a transporter.
 18596 | Gauntlet | Found a transporter.
 18600 | Gauntlet | Found a transporter.
 18625 | Gauntlet | Found a runed translucent gate.
 18722 | Gauntlet | Identified the +0 pair of gloves "Yshoaps" {rF+ Will+
                  | Int-4}
 18734 | Gauntlet | Noticed a minotaur
 18741 | Gauntlet | Killed a minotaur
 19004 | Lair:5   | Reached XP level 14. HP: 116/116 MP: 14/14
 19363 | Lair:5   | Reached skill level 15 in Unarmed Combat
 19551 | Lair:5   | Identified the +5 ring mail of Integrity {Str+2 SInv}
 19933 | Lair:5   | Found a runed translucent door.
 21453 | D:14     | Identified the +5 ring mail of Sorcery {rElec rC- Str+3}
 21784 | D:15     | Entered Level 15 of the Dungeon
 22007 | D:15     | Found a staircase to the Depths.
 22090 | D:15     | Reached skill level 16 in Unarmed Combat
 22293 | D:15     | Found Buagepn's Distillery.
 22677 | D:15     | Reached XP level 15. HP: 85/125 MP: 15/15
 22947 | Orc:1    | Entered Level 1 of the Orcish Mines
 22969 | Orc:1    | Found Imuiroly's Antique Armour Emporium.
 23030 | Orc:2    | Entered Level 2 of the Orcish Mines
 23093 | Orc:2    | Noticed Azrael
 23112 | Orc:2    | Killed Azrael
 23408 | Orc:2    | Found a staircase to the Elven Halls.
 23705 | Orc:2    | Reached ***** piety under Trog
 23954 | Orc:2    | Found Unwekh's Antique Armour Shop.
 23954 | Orc:2    | Found Aniwk's Weapon Shoppe.
 23981 | Orc:2    | Found Uduutell's Weapon Shop.
 23981 | Orc:2    | Found Ceptois's Jewellery Shoppe.
 23987 | Orc:2    | Bought a brightly glowing chain mail for 228 gold pieces
 23987 | Orc:2    | Identified the +1 chain mail of Orrunue {Str+3 Dex+2} (You
                  | bought it in a shop on level 2 of the Orcish Mines)
 23993 | Orc:2    | Bought 4 curare-tipped darts for 36 gold pieces
 24157 | Orc:1    | Identified the +1 hat "Geghoph" {Dex+2}
 24756 | Swamp:1  | Entered Level 1 of the Swamp
 24801 | Swamp:1  | Found a runed translucent door.
 24854 | Swamp:1  | You fall into a shaft and drop 1 floor!
 25003 | Swamp:1  | Noticed Jorgrun
 25017 | Swamp:1  | HP: 6/127 [Jorgrun/iron shot (40)]
 25018 | Swamp:1  | Constricted to death by Jorgrun

Illustrated notes

Levels and vault maps discovered:
D:1:      doesnt_arrival_eight_statues, layout_basic,
          shapermc_ecumenical_altar_mp_highgroup
D:2:      layout_rooms, serial_curves, eino_curves_03, eino_curves_04
D:3:      layout_rooms, mainiacjoe_overflow_alcove_1, serial_rivers,
          chequers_serial_rivers_micro_b, chequers_serial_rivers_micro_e,
          chequers_serial_rivers_micro_c, chequers_serial_rivers_small_3,
          uniq_grinder, uniq_ijyb
D:4:      layout_loops_ring, grunt_temple_overflow_gold_and_silver,
          mainiacjoe_overflow_small_starburst,
          mainiacjoe_overflow_six_doors_small, minmay_temple_entry_junction,
          chequers_serial_rivers_micro_e, dk_noncrumbling_2
D:5:      layout_gridville, serial_shops, nicolae_shop_behind_doors,
          uniq_menkaure
D:6:      layout_rooms, nicolae_shop_i_like_big_books
D:7:      layout_basic, lemuel_round_altar, old_standard_altar
D:8:      layout_gridville, mainiacjoe_overflow_tiny_flanked
D:9:      layout_roguey, lair_entry_dummy, david_orc_5
D:10:     layout_basic, gammafunk_temple_overflow_wave,
          mainiacjoe_overflow_brackets, chequers_guarded_unrand_ignorance
D:11:     layout_roguey, gammafunk_ghost_wrathful_warriors,
          lightli_fourway_metalbox, uniq_gastronok
D:12:     layout_irregular_city
D:13:     layout_cave_pools, hangedman_vaults_entry_quadrant_bands
D:14:     layout_gridville, chequers_serial_rivers_micro_e
D:15:     hangedman_depths_entry_try_elsewhere_first, layout_irregular_city,
          grunt_decor_fettered, serial_shops, shop_coins
Lair:1:   layout_long_grid, maelrawn_ghost_gauntlet_escape,
          serial_bayou_shore_b, infiniplex_staircase_pool_2
Lair:2:   layout_loops_ring, dummy_snake_entry
Lair:3:   layout_loops_ring, minmay_swamp_entry_reptiles, lemuel_fruit_tree,
          uniq_snorg
Lair:4:   layout_misc_corridors, nicolae_slime_entry_slimehenge
Lair:5:   wormcave, layout_cave_pods, gauntlet_entry_generic, grunt_megastairs_1
Swamp:1:  gammafunk_mikee_crab_dinner, layout_falls_marsh,
          hangedman_swamp_blocks, uniq_jorgrun
Swamp:2:  nicolae_swamp_ascending_descending, layout_basic_swamp,
          nicolae_swamp_tree_designs
Orc:1:    layout_diamond_mine, serial_shops, shop, hangedman_minor_magic
Orc:2:    grunt_orc_tribal_feast, layout_caves, special_room, uniq_azrael

Skill      XL: |  1  2  3  4  5  6  7  8  9 10 11 12 13 14 15 |
---------------+----------------------------------------------+-----
Unarmed Combat | 3 4 5 6 7 9 10 12 13 14 16 | 16.7
Dodging        | 2 3 4 5 6 7 8 9 10 11 12 | 12.1
Fighting       | 4 5 6 7 9 10 11 12 13 14 | 14.4
Armour         | |  1.5

Action                   |  1- 3 |  4- 6 |  7- 9 | 10-12 | 13-15 || total
-------------------------+-------+-------+-------+-------+-------++-------
Melee: Unarmed           |   161 |   206 |   332 |   482 |  1057 ||  2238
       Punch             |     2 |     6 |    10 |    42 |   124 ||   184
Throw: Stone             |       |     3 |       |       |       ||     3
       Dart              |       |       |     3 |    12 |     3 ||    18
       Javelin           |       |       |     3 |    18 |     1 ||    22
       Boomerang         |       |       |     1 |    39 |    40 ||    80
       Throwing net      |       |       |       |     2 |       ||     2
Invok: Trog's Hand       |       |     4 |     8 |    15 |    24 ||    51
       Brothers in Arms  |       |       |       |       |     2 ||     2
Evoke: Wand              |       |       |     3 |    19 |     6 ||    28
  Use: Scroll            |       |     5 |    10 |    13 |    17 ||    45
Armor: Animal skin       |     9 |       |       |       |       ||     9
       Ring mail         |    29 |    62 |     5 |       |       ||    96
       Leather armour    |       |       |    81 |    78 |       ||   159
       Chain mail        |       |       |       |    78 |    25 ||   103
       Troll leather arm |       |       |       |       |   371 ||   371
Dodge: Dodged            |    94 |   139 |   237 |   351 |   776 ||  1597
